Map: King Sejong Station LE

Players

Miszu - Winner!

  • Race: Protoss Protoss
  • League: Master

Ares

  • Race: Zerg Zerg
  • League: Master

VOD

Have the link to the VOD?

Description

Time

  • Played on: June 13, 2016, 2:06 p.m.
  • Length: 19:46
Show
View Real Time Build Order
Export as new Build Order

Miszu Protoss - Winner!

Build Orders: 1 Gate Expand, Oracle Opening, Phoenix Opening 

Get SALT Encoding   

  12  0:03  Probe (Chrono Boost)  
  13  0:13  Probe (Chrono Boost)  
  14  0:18  Pylon  
  14  0:24  Probe (Chrono Boost)  
  15  0:36  Probe (Chrono Boost)  
  15  0:41  Gateway  
  16  0:47  Probe (Chrono Boost)  
  17  1:11  Nexus  
  17  1:15  Probe (Chrono Boost)  
  18  1:21  Assimilator  
  18  1:25  Assimilator  
  18  1:29  Probe (Chrono Boost)  
  19  1:38  Cybernetics Core  
  19  1:43  Probe (Chrono Boost)  
  20  1:54  Probe (Chrono Boost)  
  20  1:58  Pylon  
  21  2:05  Probe (Chrono Boost)  
  22  2:17  Adept  
  22  2:18  Warp Gate, Probe (Chrono Boost)  
  25  2:23  Probe (Chrono Boost)  
  25  2:29  Probe (Chrono Boost)  
  27  2:32  Stargate  
  27  2:35  Probe (Chrono Boost)  
  28  2:40  Probe (Chrono Boost)  
  29  2:46  Probe (Chrono Boost)  
  29  2:48  Adept  
  29  2:50  Probe (Chrono Boost)  
  33  2:57  Probe (Chrono Boost), Assimilator  
  34  3:03  Probe (Chrono Boost)  
  35  3:08  Probe (Chrono Boost)  
  35  3:09  Pylon  
  36  3:14  Probe (Chrono Boost)  
  36  3:17  Probe (Chrono Boost)  
  38  3:22  Oracle (Chrono Boost)  
  38  3:24  Probe  
  42  3:27  Probe  
  43  3:37  Probe  
  43  3:38  Mothership Core  
  44  3:46  Stargate  
  44  3:49  Probe  
  44  3:52  Assimilator  
  45  3:56  Phoenix (Chrono Boost)  
  45  3:58  Probe  
  45  4:01  Probe  
  49  4:08  Probe  
  49  4:11  Pylon  
  49  4:13  Probe  
  51  4:18  Phoenix (Chrono Boost)  
  51  4:19  Probe  
  54  4:29  Probe x2  
  56  4:33  Pylon  
  56  4:36  Phoenix (Chrono Boost)  
  58  4:40  Probe, Phoenix (Chrono Boost)  
  58  4:41  Probe  
  62  4:53  Probe  
  62  4:57  Probe  
  66  5:01  Phoenix x2 (Chrono Boost)  
  68  5:08  Probe x2  
  68  5:13  Pylon  
  70  5:16  Nexus  
  70  5:21  Pylon  
  70  5:22  Probe  
  70  5:23  Probe  
  70  5:28  Phoenix (Chrono Boost)  
  70  5:31  Phoenix (Chrono Boost)  
  70  5:35  Pylon  
  72  5:38  Fleet Beacon  
  72  5:39  Probe  
  72  5:41  Probe  
  74  5:46  Forge  
  74  5:54  Phoenix (Chrono Boost)  
  74  5:55  Probe x2  
  80  5:57  Phoenix (Chrono Boost)  
  80  6:08  Probe  
  81  6:15  Phoenix (Chrono Boost)  
  81  6:17  Probe  
  84  6:20  Probe  
  84  6:22  Phoenix (Chrono Boost)  
  87  6:27  Probe  
  87  6:32  Probe  
  89  6:36  Adept  
  90  6:47  Pylon  
  90  6:49  Pylon  
  90  6:51  Pylon  
  90  6:52  Pylon  
  90  7:04  Probe  
  90  7:06  Probe  
  90  7:08  Tempest (Chrono Boost)  
  100  7:13  Tempest (Chrono Boost)  
  99  7:38  Pylon  
  99  7:39  Adept  
  99  7:40  Gateway  
  99  7:43  Photon Cannon  
  101  7:45  Tempest (Chrono Boost), Photon Cannon  
  101  7:50  Stargate  
  109  7:56  Tempest (Chrono Boost)  
  109  8:02  Nexus  
  109  8:04  Pylon  
  109  8:10  Pylon  
  109  8:22  Oracle (Chrono Boost)  
  116  8:38  Pylon  
  116  8:39  Tempest (Chrono Boost)  
  116  8:42  Assimilator  
  116  8:48  Assimilator  
  116  8:49  Photon Cannon  
  116  8:50  Photon Cannon  
  116  8:52  Photon Cannon  
  116  8:53  Tempest (Chrono Boost), Photon Cannon  
  116  8:55  Photon Cannon  
  120  8:57  Pylon  
  119  9:13  Probe x2  
  119  9:14  Probe  
  122  9:23  Photon Cannon, Probe  
  122  9:26  Probe  
  122  9:31  Tempest x2 (Chrono Boost)  
  132  9:33  Probe  
  132  9:34  Probe  
  134  9:38  Probe  
  134  9:40  Protoss Air Weapons Level 1, Twilight Council  
  135  9:59  Nexus  
  135  10:01  Pylon  
  135  10:06  Tempest (Chrono Boost)  
  139  10:11  Pylon  
  139  10:14  Tempest (Chrono Boost), Photon Cannon  
  143  10:25  Photon Cannon  
  143  10:26  Photon Cannon  
  143  10:28  Photon Cannon  
  143  10:29  Photon Cannon  
  143  10:34  Templar Archives  
  143  10:40  Assimilator  
  143  10:43  Assimilator  
  143  10:55  Tempest (Chrono Boost)  
  147  11:05  Protoss Ground Weapons Level 1  
  136  11:37  Probe x3  
  136  11:38  Probe  
  138  11:42  Photon Cannon  
  138  11:43  Photon Cannon  
  138  11:45  Photon Cannon  
  138  11:46  Photon Cannon  
  138  11:48  Probe x3  
  138  11:50  Probe  
  139  11:58  Probe x3  
  138  12:02  Probe  
  136  12:09  Probe x3  
  136  12:12  Photon Cannon  
  136  12:13  Photon Cannon  
  136  12:14  Probe  
  136  12:15  Tempest (Chrono Boost)  
  140  12:19  Probe x3  
  143  12:25  Assimilator  
  143  12:26  High Templar, Probe  
  143  12:27  High Templar  
  148  12:30  Probe x3  
  149  12:39  Psionic Storm  
  149  12:41  Probe  
  149  12:42  Probe  
  149  12:43  Probe  
  152  12:44  Gateway  
  152  12:46  Gateway  
  148  13:06  Adept  
  148  13:08  Tempest (Chrono Boost)  
  162  13:14  Tempest x2 (Chrono Boost)  
  156  13:39  Probe x3  
  156  13:40  Probe  
  158  13:42  High Templar x2  
  160  13:50  Probe  
  160  13:52  Probe  
  154  14:08  Pylon  
  154  14:12  Nexus  
  154  14:20  Pylon  
  154  14:21  Pylon  
  154  14:22  Pylon  
  154  14:37  Probe x2  
  154  14:38  Probe  
  154  14:39  Tempest (Chrono Boost)  
  154  14:41  High Templar, Assimilator x2  
  154  14:42  High Templar, Photon Cannon  
  154  14:43  Photon Cannon  
  154  14:45  Photon Cannon  
  165  14:46  High Templar x2, Photon Cannon  
  165  14:47  Probe, Photon Cannon x2  
  165  14:48  Photon Cannon, Pylon, Probe  
  165  14:49  Photon Cannon  
  165  14:52  Photon Cannon  
  171  15:04  Mothership Core  
  177  15:13  Tempest (Chrono Boost)  
  177  15:18  High Templar x2  
  181  15:22  Pylon  
  181  15:24  Pylon  
  181  15:25  Pylon  
  181  15:30  Protoss Air Weapons Level 2  
  181  15:31  Protoss Ground Weapons Level 2  
  181  15:44  High Templar x2  
  185  15:50  Pylon  
  185  15:59  High Templar x2  
  189  16:09  Robotics Facility  
  189  16:10  Photon Cannon  
  189  16:11  Photon Cannon  
  189  16:13  Photon Cannon  
  189  16:14  Photon Cannon  
  189  16:18  Assimilator  
  189  16:19  High Templar x2  
  189  16:22  Assimilator  
  189  16:25  Nexus  
  193  16:28  Pylon  
  181  16:43  High Templar x2  
  185  17:03  Observer  
  185  17:05  Archon  
  185  17:07  High Templar  
  188  17:16  Pylon  
  188  17:20  Photon Cannon  
  188  17:22  Photon Cannon  
  188  17:24  Archon, Observer  
  188  17:26  High Templar  
  189  17:46  Observer  
  190  17:58  Gateway  
  190  18:00  Gateway  
  190  18:02  Gateway  
  190  18:05  Gateway  
  190  18:07  Observer  
  191  18:22  Gateway  
  191  18:24  Gateway x2  
  191  18:28  Gateway  
  191  18:29  Observer  
  192  18:42  High Templar x2  
  192  18:43  High Templar x2  
  192  18:46  Archon  
  192  18:47  Archon  
  200  19:09  Pylon x2  
Show
View Real Time Build Order
Export as new Build Order

Ares Zerg 

Build Orders: 3 Hatch before Pool 

Get SALT Encoding   

  12  0:00  Drone  
  13  0:12  Overlord  
  13  0:19  Drone  
  14  0:30  Drone x2  
  16  0:38  Drone  
  17  0:52  Hatchery  
  17  0:54  Drone  
  17  1:18  Drone  
  17  1:19  Hatchery  
  17  1:21  Drone  
  18  1:32  Extractor  
  18  1:36  Spawning Pool  
  18  1:39  Drone  
  17  1:43  Drone  
  17  1:46  Drone  
  19  1:53  Overlord  
  19  2:03  Drone  
  19  2:05  Drone  
  21  2:13  Drone  
  21  2:14  Drone  
  23  2:22  Queen  
  23  2:25  Queen  
  27  2:32  Metabolic Boost  
  27  2:36  Drone  
  28  2:43  Drone x3  
  31  2:44  Drone  
  31  2:47  Drone  
  33  2:53  Queen  
  33  2:57  Zergling x2  
  36  3:00  Overlord  
  36  3:02  Zergling x2  
  36  3:05  Zergling x2  
  38  3:06  Zergling x2  
  38  3:07  Zergling x2  
  38  3:09  Zergling x2  
  38  3:12  Zergling x2  
  42  3:14  Overlord  
  42  3:22  Spore Crawler  
  40  3:32  Drone x2  
  40  3:33  Spore Crawler  
  40  3:34  Queen  
  42  3:44  Drone x3  
  42  3:47  Spore Crawler  
  42  3:48  Drone  
  45  3:50  Drone x3  
  45  3:53  Drone  
  49  3:58  Drone x2  
  49  4:01  Drone  
  49  4:02  Drone  
  53  4:09  Extractor  
  51  4:10  Extractor  
  51  4:11  Overlord  
  51  4:12  Queen  
  51  4:13  Drone x2  
  51  4:16  Extractor  
  52  4:18  Queen  
  52  4:23  Overlord  
  52  4:24  Drone  
  55  4:25  Drone  
  55  4:29  Drone  
  55  4:30  Drone x2  
  59  4:33  Overlord  
  59  4:35  Drone  
  59  4:36  Drone  
  61  4:39  Drone x2  
  61  4:41  Drone  
  61  4:44  Drone  
  61  4:45  Drone  
  66  4:50  Lair  
  65  5:01  Overlord  
  65  5:02  Queen  
  65  5:03  Overlord  
  67  5:08  Evolution Chamber  
  67  5:09  Evolution Chamber  
  67  5:13  Drone x3  
  68  5:14  Drone  
  68  5:16  Drone x2  
  68  5:18  Drone  
  72  5:28  Drone  
  73  5:30  Drone  
  73  5:32  Overlord  
  73  5:34  Zergling x2  
  73  5:35  Zergling x14  
  82  5:38  Zerg Missile Weapons Level 1  
  82  5:43  Zerg Ground Armor Level 1  
  82  5:45  Drone  
  82  5:46  Drone x2  
  85  5:50  Overlord  
  85  5:54  Hydralisk Den, Drone x3  
  87  5:58  Extractor, Drone  
  87  5:59  Extractor  
  87  6:01  Drone  
  87  6:02  Drone  
  87  6:03  Drone  
  87  6:05  Drone  
  87  6:07  Drone  
  87  6:11  Drone x4  
  92  6:15  Overlord  
  92  6:16  Drone x2  
  92  6:17  Drone  
  89  6:20  Drone  
  89  6:22  Overlord  
  89  6:24  Muscular Augments  
  87  6:27  Drone  
  87  6:30  Overlord  
  87  6:31  Hydralisk x2  
  88  6:40  Overlord, Hydralisk  
  88  6:41  Hydralisk x2  
  88  6:45  Queen  
  88  6:46  Drone  
  90  6:58  Hydralisk x6  
  94  7:13  Pneumatized Carapace  
  94  7:14  Nydus Network  
  93  7:20  Hydralisk x3  
  93  7:21  Hydralisk x4  
  102  7:24  Hydralisk  
  102  7:25  Hydralisk  
  102  7:27  Hydralisk  
  103  7:41  Overlord  
  103  7:42  Zerg Missile Weapons Level 2  
  103  7:47  Drone x3  
  103  7:48  Zerg Ground Armor Level 2  
  103  7:49  Queen  
  108  7:56  Hydralisk x3  
  113  8:05  Overseer  
  113  8:06  Queen x2  
  117  8:14  Zergling x4  
  117  8:15  Zergling x18  
  125  8:20  Drone x4  
  129  8:39  Overlord  
  129  8:42  Nydus Canal  
  129  8:46  Overlord  
  129  8:50  Overlord x2  
  129  8:57  Queen  
  129  9:02  Hatchery  
  130  9:03  Overlord, Extractor  
  130  9:04  Zergling x16  
  130  9:05  Overlord, Zergling x8  
  130  9:07  Drone x2  
  130  9:08  Drone  
  143  9:13  Nydus Canal  
  140  9:18  Overlord  
  140  9:22  Hydralisk x3  
  146  9:27  Overlord  
  146  9:28  Hydralisk  
  148  9:32  Hydralisk  
  150  9:42  Nydus Canal  
  150  9:43  Hydralisk x3  
  150  9:44  Hydralisk x2  
  150  9:45  Extractor  
  159  9:52  Overlord x2  
  158  9:57  Hydralisk x3  
  164  10:01  Nydus Canal  
  164  10:08  Overlord  
  164  10:12  Hydralisk  
  166  10:16  Overlord, Nydus Canal  
  166  10:17  Drone x3  
  166  10:18  Drone x3  
  172  10:25  Spire, Drone x2  
  172  10:26  Drone  
  174  10:39  Overlord  
  174  10:43  Overlord  
  174  10:46  Nydus Canal  
  174  10:54  Overlord, Hydralisk x2  
  174  10:55  Hydralisk x6  
  190  10:57  Hydralisk  
  192  11:04  Infestation Pit  
  164  11:23  Hydralisk  
  148  11:25  Nydus Canal  
  148  11:26  Hydralisk  
  148  11:27  Hydralisk  
  148  11:28  Hydralisk  
  148  11:29  Hydralisk  
  148  11:31  Hydralisk x5  
  153  11:32  Hydralisk  
  153  11:33  Hydralisk x3  
  153  11:39  Hydralisk x3  
  157  11:45  Hydralisk x2  
  157  11:57  Hydralisk x2  
  157  12:00  Hydralisk x2  
  157  12:01  Hydralisk  
  153  12:04  Zergling x6  
  153  12:05  Zergling x6  
  145  12:17  Hydralisk x2  
  145  12:19  Hatchery  
  145  12:20  Hydralisk  
  142  12:28  Hydralisk  
  142  12:29  Hydralisk x4  
  146  12:33  Hydralisk  
  130  12:37  Hydralisk x2  
  130  12:39  Hydralisk  
  130  12:42  Hydralisk  
  134  12:49  Hydralisk x3  
  139  12:52  Hydralisk  
  128  13:06  Hydralisk x3  
  128  13:09  Hydralisk x4  
  128  13:12  Hydralisk  
  143  13:14  Hydralisk  
  141  13:21  Hydralisk x3  
  141  13:25  Hydralisk  
  149  13:33  Hydralisk  
  147  13:39  Hydralisk x2  
  145  13:42  Hydralisk  
  145  13:49  Hydralisk  
  145  13:50  Hydralisk  
  142  13:59  Hydralisk x2  
  140  14:10  Corruptor x3  
  146  14:30  Hatchery  
  145  14:34  Corruptor  
  145  14:35  Corruptor  
  145  14:38  Corruptor  
  151  14:46  Corruptor  
  151  14:50  Corruptor  
  155  14:57  Corruptor  
  157  15:01  Corruptor  
  159  15:09  Corruptor  
  160  15:20  Corruptor  
  159  15:27  Corruptor  
  160  15:35  Corruptor  
  162  15:47  Corruptor  
  163  15:56  Corruptor  
  165  16:01  Corruptor  
  165  16:12  Zergling x2  
  165  16:13  Zergling x12  
  166  16:32  Hydralisk x2  
  156  16:33  Hydralisk x4  
  157  16:54  Hydralisk  
  157  16:55  Hydralisk x5  
  165  17:01  Zerg Flyer Weapons Level 1  
  164  17:24  Spire  
  164  17:27  Hatchery  
  139  17:54  Corruptor  
  139  17:55  Corruptor x3  
  147  18:03  Corruptor  
  147  18:05  Hatchery  
  148  18:08  Corruptor  
  150  18:15  Corruptor  
  152  18:24  Corruptor  
  154  18:37  Corruptor x2  
Tags
 
Add a new tag
Caveats
  • Supply blocks, unpowered buildings, or Contaminate may cause inaccurate times.
  • Supply counts are checked every 10 seconds.